 Dungeon Crawl Stone Soup version 0.30.0-15-g856e2d3f33 (webtiles) character file.

Game seed: 14294194022653062351

2909 croobank the Conjurer (level 9, 0/62 HPs)
             Began as a Yellow Draconian Venom Mage on May 18, 2023.
             Was a Follower of Qazlal.
             Killed from afar by a steam dragon (13 damage)
             ... with a ball of steam
             ... on level 7 of the Dungeon.
             The game lasted 00:29:48 (7689 turns).

croobank the Conjurer (Yellow Draconian Venom Mage) Turns: 7689, Time: 00:29:49

Health: 0/62       AC:  7    Str: 10    XL:     9   Next: 49%
Magic:  0/16       EV: 11    Int: 21    God:    Qazlal [*.....]
Gold:   214        SH:  0    Dex: 11    Spells: 8/17 levels left

rFire   . . .        a - +5 dagger (vamp)
rCold   + . .        q - +3 buckler
rNeg    . . .        (body armour unavailable)
rPois   .            (helmet restricted)
rElec   .            (no cloak)
rCorr   +            (no gloves)
SInv    .            (no boots)
Will    .....        m - amulet of guardian spirit
Stlth   +            w - ring of protection from cold
HPRegen 0.30/turn    (no ring)
MPRegen 0.15/turn

%: guardian spirit
@: confused, short of breath, ambrosia-drunk
A: spit acid, AC +7, unfitting armour, cold-blooded, acid resistance
a: Breathe Acid, Renounce Religion


You were on level 7 of the Dungeon.
You worshipped Qazlal.
Qazlal was aware of your devotion.
You visited 2 branches of the dungeon, and saw 8 of its levels.

You collected 226 gold pieces.
You spent 12 gold pieces at shops.

Inventory:

Hand Weapons
 a - a +5 vampiric dagger (weapon)
 b - a +0 sling
 d - a +2 dagger of draining
 p - a +0 short sword
 v - a +5 halberd
Missiles
 e - 3 datura-tipped darts
 g - 5 poisoned darts (quivered)
 o - 2 javelins
 s - 2 throwing nets
Armour
 q - a +3 buckler (worn)
 x - the +1 pair of gloves of Temperance {*Slow rElec Dex+9 SInv}
   (You found it on level 6 of the Dungeon)

   Dex:       It affects your dexterity (+9).
   rElec:     It insulates you from electricity.
   SInv:      It lets you see invisible.
   *Slow:     It may slow you when you take damage.
Jewellery
 m - an amulet of guardian spirit (around neck)
 w - a ring of protection from cold (left hand)
Wands
 h - a wand of mindburst (11)
 r - a wand of polymorph (10)
Scrolls
 c - a scroll of summoning
 f - 4 scrolls of teleportation
 i - 2 scrolls of noise
 k - a scroll of fear
 u - a scroll of amnesia
Potions
 j - a potion of haste
 l - 4 potions of curing
 t - a potion of resistance {unknown}


   Skills:
 - Level 2.1 Dodging
 - Level 2.1 Stealth
 + Level 4.4 Shields
 + Level 4.8 Spellcasting
 - Level 6.5 Conjurations
 - Level 1.5 Transmutations
 - Level 6.5 Air Magic
 - Level 3.2 Poison Magic
 * Level 6.1 Invocations


You had 8 spell levels left.
You knew the following spells:

 Your Spells              Type           Power      Damage    Failure   Level
a - Sting                 Tmut/Pois      60%        1d6       6%          1
b - Poisonous Vapours     Pois/Air       50%        N/A       3%          2
c - Mephitic Cloud        Conj/Pois/Air  27%        N/A       4%          3
d - Ignite Poison         Fire/Tmut/Pois 11%        N/A       24%         3

Your spell library contained the following spells:

 Spells                   Type           Power      Damage    Failure   Level
 Cigotuvi's Dreadful Rot  Necr/Pois/Air  36%        N/A       6%          2
 Slow                     Hex            20%        N/A       16%         1
 Ensorcelled Hibernation  Hex/Ice        10%        N/A       24%         2
 Fulminant Prism          Conj/Hex       9%         3d7       38%         4
 Olgreb's Toxic Radiance  Pois           18%        N/A       38%         4
 Portal Projectile        Hex/Tloc       10%        N/A       43%         3
 Freezing Cloud           Conj/Ice/Air   11%        6-21      58%         5


Dungeon Overview and Level Annotations

Branches:
Dungeon (7/15)             Temple (1/1) D:4

Altars:
Ashenzari
Cheibriados
Dithmenos
Elyvilon
Fedhas
Gozag
Hepliaklqana
Kikubaaqudgha
Makhleb
Nemelex Xobeh
Okawaru
Qazlal
Ru
Sif Muna
Uskayaw
Vehumet
Wu Jian
Xom
Yredelemnul
Zin
The Shining One

Shops:
D:1 !

Annotations:
D:4 2 runed translucent doors, bungle's ghost, amateur GnEE
D:7 Pikel
Temple 2 transporters


Innate Abilities, Weirdness & Mutations

You can spit globs of acid.
Your golden yellow scales are hard. (AC +7)
You cannot fit into any form of body armour.
You are cold-blooded and may be slowed by cold attacks.
You are resistant to acid. (rCorr)


Message History

The two-headed ogre is severely wounded.
You closely miss the two-headed ogre.
The two-headed ogre is almost dead.
You block the two-headed ogre's attack. x2
You completely miss the two-headed ogre.
Your tail-slap misses the two-headed ogre.
The two-headed ogre is almost dead.
The two-headed ogre hits you with a +0 giant club!
The two-headed ogre misses you.
You hit the two-headed ogre.
You feel better.
You kill the two-headed ogre!
Qazlal accepts your kill.
Pikel, Merchant of Souls comes into view.
He is wielding a +0 whip of flaming.
The water moccasin barely misses you.
Your Shields skill increases to level 4!
Your Invocations skill gained 2 levels and is now at level 6!
Aiming: Polymorph
Press: ? - help, Shift-Dir - straight line, f - water moccasin
Aim: a water moccasin (will become a steam dragon, a bullfrog, or a tengu, chance to affect: 49%)
The water moccasin evaporates and reforms as a steam dragon!
A lemure comes into view.
The steam dragon breathes steam at you. The ball of steam hits you!!
* * * LOW HITPOINT WARNING * * *
You hear a shout!
The steam dragon attacks as you move away!
The steam dragon bites you.
* * * LOW HITPOINT WARNING * * *
You block the steam dragon's attack.
Okay, then.
Unknown command.
As you read the scroll of summoning, it crumbles to dust.
Wisps of shadow whirl around you...
Pikel says, "You'll feel the lick of my whip!"
You block the steam dragon's attack. The steam dragon barely misses you.
You are confused.
You feel invigorated. The steam dragon breathes steam at you.
The ball of steam hits you!!
You die...

......#.#.##....#
...#####......#.#
.......######...#
...###.# #.### ....##.#
##+## ....##.# ##...##
....##.# ##.o...##
....##.###....f.○##
.....#.##......c@D####..5
........'....§.oo§o.K5...
##...####.....§...####...
.....# ##.......## .###.#
##.....## . #.# ##...##
#.# ##.... ..# #..## ###
...#


You could see Pikel, a steam dragon (catching breath, ally target), a lemure, a
friendly sleepcap (summoned), a friendly centaur (summoned) and 4 friendly orcs.

Vanquished Creatures
  A two-headed ogre (D:7)
  A black bear (D:4)
  An ice beast (D:6)
  A sky beast (D:4)
  A centaur (D:6)
  4 ogres
  2 phantoms
  7 scorpions
  A bullfrog (D:6)
  4 wights
  Dowan (D:4)
  6 hounds
  An orc priest (D:4)
  A gnoll bouda (D:5)
  Ijyb (D:4)
  4 iguanas
  5 adders
  10 gnolls
  A white imp (D:7)
  2 ufetubi (D:5)
  2 worms
  2 dart slugs
  9 orcs
  11 endoplasms
  3 giant cockroaches
  5 goblins
  7 hobgoblins
  9 jackals
  4 quokkas
  7 ball pythons
  5 bats
  3 frilled lizards
  A goblin zombie (D:4)
  9 kobolds
  A quokka zombie (D:4)
  7 rats
140 creatures vanquished.

Vanquished Creatures (collateral kills)
  Duvessa (D:4)
  A jelly (D:4)
  2 gnolls (D:4)
4 creatures vanquished.

Grand Total: 144 creatures vanquished

Notes
Turn   | Place    | Note
-------+----------+-------------------------------------------
     0 | D:1      | croobank the Draconian Venom Mage began the quest for the
                  | Orb.
     0 | D:1      | Reached XP level 1. HP: 14/14 MP: 3/3
   246 | D:1      | Reached XP level 2. HP: 20/20 MP: 3/5
   414 | D:1      | Learned a level 2 spell: Poisonous Vapours
   605 | D:1      | Found Hakhucua's Distillery.
   610 | D:1      | Bought a potion of degeneration for 12 gold pieces
   878 | D:1      | Reached XP level 3. HP: 26/26 MP: 6/6
   882 | D:1      | Learned a level 3 spell: Mephitic Cloud
  1497 | D:2      | Reached skill level 1 in Conjurations
  1502 | D:2      | Reached skill level 1 in Air Magic
  1987 | D:3      | Reached XP level 4. HP: 26/33 MP: 7/7
  2631 | D:4      | Found a staircase to the Ecumenical Temple.
  2657 | D:4      | Reached XP level 5. HP: 15/38 MP: 1/8
  2697 | Temple   | Entered the Ecumenical Temple
  2697 | Temple   | Found a transporter.
  2697 | Temple   | Found a transporter.
  2782 | Temple   | Found a transporter.
  2782 | Temple   | Found a transporter.
  2805 | Temple   | Became a worshipper of Qazlal Stormbringer
  2838 | D:4      | Found a runed translucent door.
  2864 | D:4      | Found a runed translucent door.
  2864 | D:4      | Noticed bungle's ghost (amateur GnEE)
  2868 | D:4      | Noticed Dowan
  2870 | D:4      | Noticed Duvessa
  2891 | D:4      | Killed Duvessa
  2892 | D:4      | Reached XP level 6. HP: 45/45 MP: 4/9
  3127 | D:4      | Noticed Ijyb
  3133 | D:4      | Noticed a sky beast
  3144 | D:4      | Killed Ijyb
  3153 | D:4      | HP: 1/45 [something (6)]
  3163 | D:4      | Killed a sky beast
  3227 | D:4      | Killed Dowan
  3228 | D:4      | Your scales start taking on a golden yellow colour.
  3228 | D:4      | Reached XP level 7. HP: 36/50 MP: 0/10
  3228 | D:4      | Gained mutation: You are resistant to acid. (rCorr) [Yellow
                  | Draconian growth]
  3549 | D:3      | Reached skill level 5 in Conjurations
  3549 | D:3      | Reached skill level 5 in Air Magic
  4040 | D:4      | Found a large runed translucent door.
  4041 | D:4      | Found a large runed translucent door.
  4050 | D:4      | Found a glowing silver altar of Zin.
  4061 | D:4      | Found a sparkling altar of Nemelex Xobeh.
  4385 | D:5      | Entered Level 5 of the Dungeon
  4426 | D:5      | Learned a level 3 spell: Ignite Poison
  4939 | D:5      | Reached XP level 8. HP: 54/57 MP: 7/11
  5487 | D:5      | Reached * piety under Qazlal
  5820 | D:5      | Reached skill level 1 in Shields
  6208 | D:5      | Reached skill level 1 in Invocations
  6881 | D:6      | Reached XP level 9. HP: 58/62 MP: 7/14
  7312 | D:6      | Identified the +1 pair of gloves of Temperance {*Slow rElec
                  | Dex+9 SInv}
  7368 | D:6      | Found a hide-covered altar of Uskayaw.
  7383 | D:6      | Found a blossoming altar of Fedhas.
  7436 | D:6      | Got the Parchment of the Evil Eye
  7674 | D:7      | Noticed a two-headed ogre
  7685 | D:7      | Killed a two-headed ogre
  7685 | D:7      | Noticed Pikel
  7689 | D:7      | Killed from afar by a steam dragon

Illustrated notes

Levels and vault maps discovered:
D:1:      elethiomel_arrival_infinity_welcomes_careful_drivers, layout_basic,
          serial_shops, nicolae_shop_hallway_stairs
D:2:      layout_rooms
D:3:      layout_basic
D:4:      layout_basic, jmf_multi_god_temple2, minmay_temple_entry_wispy,
          enter_ossuary_4, ebering_ghost_sewer_f, uniq_ijyb, uniq_duvessa
D:5:      layout_basic, chequers_serial_rivers_micro_d, grunt_tough_drop
D:6:      layout_rooms, mainiacjoe_overflow_swirl, st_stairs_12
D:7:      layout_loops_corners, st_stairs_2,
          minmay_a_box_with_orc_wizards_in_it, uniq_pikel, uniq_maggie,
          uniq_prince_ribbit1
Temple:   hellmonk_temple_divided_pantheon

Skill      XL: |  1  2  3  4  5  6  7  8  9 |
---------------+----------------------------+-----
Stealth        | 2 |  2.1
Dodging        | 2 |  2.1
Conjurations   | 1 2 3 4 6 |  6.5
Air Magic      | 1 2 3 4 6 |  6.5
Shields        | 3 4 |  4.4
Spellcasting   | 3 4 |  4.8
Invocations    | 3 6 |  6.1
Transmutations | |  1.5
Poison Magic   | |  3.2

Action                     |  1- 3 |  4- 6 |  7- 9 || total
---------------------------+-------+-------+-------++-------
  Melee: Short sword       |    29 |       |       ||    29
         Tailslap          |     2 |    10 |    35 ||    47
         Dagger            |    12 |   111 |   196 ||   319
         Punch             |     1 |     1 |     2 ||     4
   Fire: Sling             |    90 |       |       ||    90
  Throw: Dart              |     9 |     1 |       ||    10
   Cast: Sting             |    38 |    14 |     4 ||    56
         Poisonous Vapours |     1 |    13 |    63 ||    77
         Mephitic Cloud    |       |       |     6 ||     6
         Ignite Poison     |       |       |     5 ||     5
Ability: Breathe Acid      |       |       |     9 ||     9
  Evoke: Wand              |       |     1 |     2 ||     3
    Use: Scroll            |       |     9 |     7 ||    16
         Potion            |       |     4 |     1 ||     5
   Stab: Sleeping          |     1 |     2 |     2 ||     5
         Confused          |       |       |     1 ||     1
 Armour: Skin              |    50 |    40 |    62 ||   152
  Dodge: Dodged            |    70 |    73 |   119 ||   262
  Block: Buckler           |       |       |    27 ||    27
         Other             |       |       |     1 ||     1
